cohdb
Replays
Latest Replays
All Replays
Popular Replays
Top Player Replays
Match Explorer
How It Works
Community
CoH3 Stats
Reddit
Sign in to upload your games and track your stats! →
Sign in with Steam
Match 42624649
Unlisted
Match 42624649
Overview
Messages
Build Orders
End
Panzergrenadier Squad
Kradschützen Motorcycle Team
Selects Italian Combined Arms Battlegroup
Selects Bersaglieri Squad
Panzergrenadier Squad
Panzergrenadier Squad
Selects Vehicle Support - Secure Location
Selects Vehicle Support - Force Recon
Kradschützen Motorcycle Team
Construct Light Support Kompanie
Fire Support Elements
Flakvierling Half-track
Selects Semovente da 75/18 Assault Gun
Pak 38 Mechanized Group
Construct Panzerarmee Kommand
Selects Strafing Run
Veteran Squad Leaders
Combat Half-tracks
Selects Pact of Steel
Walking Stuka Rocket Launcher
Strafing Run
Pak 38 Anti-tank Gun Team
Tungsten Core Ammunition
2.5-tonne Medical Truck
Pak 38 Mechanized Group
Hruska
Peace Fighter
Bran
Dillbro
0
0
Comments
sign in to comment!
No comments posted yet!